 Dungeon Crawl Stone Soup version 0.20-a0-464-g526fb3c (webtiles) character file.

121811 mopl the Black Belt (level 16, -11/129 HPs)
             Began as a Barachian Transmuter on Jan 11, 2017.
             Was the Champion of Cheibriados.
             Mangled by a white ugly thing (19 damage)
             ... on level 15 of the Dungeon.
             The game lasted 01:24:41 (28110 turns).

mopl the Black Belt (Barachian Transmuter)         Turns: 28110, Time: 01:24:44

Health: -11/129    AC: 20    Str: 25    XL:     16   Next: 86%
Magic:  16/26      EV: 20    Int: 31    God:    Cheibriados [******]
Gold:   2866       SH:  3    Dex: 27    Spells: 3/29 levels left

rFire  + + .     SeeInvis .       - Unarmed
rCold  . . .     Gourm    .     F - +0 fire dragon scales
rNeg   . . .     Faith    .     (shield currently unavailable)
rPois  .         Spirit   .     O - +2 hat {MR+}
rElec  .         Reflect  +     C - +1 cloak {rC+}
rCorr  .         Harm     .     (gloves currently unavailable)
MR     ++...                    h - +2 pair of boots {Stlth+}
Stlth  ++........               N - +3 amulet of reflection
                                U - +5 ring of protection
                                w - ring of Uzifu {Wiz Slay+6, =R}

@: blade hands, very slow
A: swims, slowness 1, strong legs 2
a: Hop, End Transformation, Bend Time, Temporal Distortion, Slouch, Step From
Time, Renounce Religion


You were on level 15 of the Dungeon.
You worshipped Cheibriados.
Cheibriados was exalted by your worship.
You were hungry.
You had blades for hands.
You visited 4 branches of the dungeon, and saw 24 of its levels.
You also visited: Ossuary, Bailey and Ice Cave.

You collected 3277 gold pieces.
You spent 411 gold pieces at shops.

Inventory:

Hand Weapons
 o - the +5 trident of the Pyrrhic Victory {flame, MR+ Int+4}
   (You found it on level 2 of the Lair of Beasts)

   It has been specially enchanted to burn those struck by it, causing extra
   injury to most foes and up to half again as much damage against particularly
   susceptible opponents.
   It affects your intelligence (+4).
   It affects your resistance to hostile enchantments.
Missiles
 n - 428 arrows
 v - 2 throwing nets
 H - 4 poisoned javelins (quivered)
Armour
 h - a +2 pair of boots of stealth (worn)
 y - +0 acid dragon scales
 C - a +1 cloak of cold resistance (worn)
 F - +0 fire dragon scales (worn)
 G - a +2 pair of gloves (melded)
 O - a +2 hat of magic resistance (worn)
 T - +0 ice dragon scales
Jewellery
 f - an uncursed ring of flight
 t - an uncursed ring of see invisible
 w - the ring of Uzifu (left scythe-like blade) {Wiz Slay+6, =R}
   (You found it on level 14 of the Dungeon)

   [ring of wizardry]

   It improves your spell success rate.
   It affects your accuracy and damage with ranged weapons and melee attacks
   (+6).
 E - an uncursed ring of resist corrosion
 N - a +3 amulet of reflection (around neck)
 S - an uncursed ring of poison resistance
 U - a +5 ring of protection (right scythe-like blade)
 Z - an uncursed ring of protection from fire
Wands
 a - a wand of iceblast (6/15)
 b - a wand of polymorph (7/24)
 c - a wand of digging (10/24)
 g - a wand of disintegration (15/24)
 D - a wand of iceblast (8/15)
 Q - a wand of paralysis (13/24)
 V - a wand of acid (4/15)
 Y - a wand of confusion (24/48)
Scrolls
 e - a scroll of fear
 i - a scroll of silence {unknown}
 j - 2 scrolls of vulnerability
 s - a scroll of recharging {unknown}
 x - 4 scrolls of remove curse
 z - a scroll of noise {unknown}
 A - 9 scrolls of teleportation
 B - 4 scrolls of fog
 K - a scroll of blinking
 M - a scroll of immolation {!r}
 P - a scroll of magic mapping
 R - a scroll of brand weapon {unknown}
Potions
 k - 4 potions of flight
 l - 7 potions of curing
 m - 6 potions of agility
 q - 5 potions of cancellation
 r - 7 potions of heal wounds
 u - a potion of cure mutation {!q}
 I - 3 potions of might
 J - 4 potions of resistance
 L - 6 potions of lignification {unknown}
 W - 2 potions of ambrosia
Miscellaneous
 p - a lightning rod (4/4)
Comestibles
 d - 11 bread rations
 X - a meat ration


   Skills:
 + Level 12.5 Fighting
 + Level 11.2 Dodging
 * Level 15.6 Unarmed Combat
 - Level 7.0 Spellcasting
 - Level 5.0 Hexes
 + Level 0.8 Charms
 + Level 0.1 Necromancy
 - Level 4.0 Translocations
 - Level 10.0 Transmutations
 - Level 4.0 Ice Magic
 + Level 8.7 Earth Magic
 - Level 2.0 Poison Magic
 + Level 11.4 Invocations


You had 3 spell levels left.
You knew the following spells:

 Your Spells              Type           Power        Failure   Level  Hunger
a - Confusing Touch       Hex            #####.       9%          1    None
b - Spider Form           Tmut/Pois      #####.....   12%         3    None
c - Blade Hands           Tmut           ######....   17%         5    ####...
d - Ice Form              Ice/Tmut       ######..     21%         4    ##.....
e - Blink                 Tloc           N/A          13%         2    None
f - Petrify               Tmut/Erth      ######..     10%         4    ##.....
p - Passwall              Tmut/Erth      ######....   4%          2    None
r - Regeneration          Chrm/Necr      ##........   43%         3    None
w - Sticks to Snakes      Tmut           ######..     4%          2    None


Dungeon Overview and Level Annotations

Branches:
Dungeon (15/15)            Temple (1/1) D:7            Lair (6/6) D:9
  Swamp (0/4) Lair:3        Snake (0/4) Lair:4        Slime (0/5) Lair:6
    Orc (2/2) D:10            Elf (0/3) Orc:2        Vaults (0/5) D:14
 Depths (0/5) D:15

Altars:
Ashenzari
Cheibriados
Dithmenos
Elyvilon
Fedhas
Gozag
Kikubaaqudgha
Makhleb
Nemelex Xobeh
Okawaru
Qazlal
Ru
Sif Muna
Trog
Uskayaw
Vehumet
Xom
Yredelemnul
Zin
The Shining One
Beogh

Shops:
D:9 [(   Orc:2 *(:[

Portals:
Hell: Lair:6

Annotations:
D:10 bolts


Innate Abilities, Weirdness & Mutations

You can swim through water.
You cover ground slowly.
You can hop longer distances.


Message History

Things that are here:
a shortbow; 15 arrows You shred the white ugly thing!!!
You slash the white ugly thing.
The white ugly thing is almost dead.
The white ugly thing tail-slaps you! The white ugly thing freezes you!!
* * * LOW HITPOINT WARNING * * *
You step out of the flow of time.
You return to the normal time flow.
You are feeling hungry.
The white ugly thing gurgles horribly!
You are no longer glowing.
A centaur comes into view. 2 centaurs come into view.
The centaur shouts!
The centaur shouts!
You hit the white ugly thing. You slash the white ugly thing!!
The white ugly thing is moderately wounded.
The white ugly thing tail-slaps you!
* * * LOW HITPOINT WARNING * * *
The white ugly thing freezes you!!
You die...

#....# *,************
###
#.#..#**,**,,,,,,,,.#
........,,*,*******.###
.##.##.#*,*,* *...#
.##.#*...,,,* ##...#**
....#**##,*** #..,.,,*
.##.# *,,,,,* #.#.#*,*
....# *,,,,<*
####.#.#*,* ##..#
*,,,,,* #.@u)..#*,***
##..# *,,,,,*
#(##)###*,,,**
....###,,,,,*
#.##.#***,,,,**
##.##†##*****
#c##....5.♣,,,*
#.#.#.##
#c#####uc...,,*
#..###.# #c# *,....,**
###.#.###### #.#
**,...,* *#.......###.#
**,..,* #.##.[......#
***#**


You could see a white ugly thing and 3 centaurs.

Vanquished Creatures
  Rupert (Orc:2)
  Donald (Orc:2)
  The ghost of Uhlv the Warrior, a journeyman MiEn of the Shining One (D:15)
  An orc warlord (Orc:2)
  A fire dragon (D:15)
  An ice dragon (D:15)
  Erolcha (D:9)
  17 hydras
  A hell beast (Lair:6)
  A two-headed ogre (shapeshifter) (D:13)
  A catoblepas (D:13)
  2 dancing weapons (D:14)
  A centaur warrior (D:14)
  A death yak (Lair:5)
  10 two-headed ogres
  Urug (Lair:4)
  4 orc high priests
  A fire crab (Lair:6)
  8 skeletal warriors
  4 unseen horrors
  A wizard (Lair:6)
  Pikel (D:8)
  5 orc knights
  A wolf spider zombie (D:13)
  A necromancer (IceCv)
  A deep elf mage (D:15)
  4 orc sorcerers
  7 ugly things
  6 cyclopes
  4 manticores
  An ice statue (IceCv)
  Maurice (D:8)
  19 elephants
  Joseph (D:9)
  3 black mambas
  A smoke demon (Lair:6)
  A gargoyle (D:14)
  4 torpor snails
  2 orange demons (Lair:6)
  7 komodo dragons
  14 spiny frogs
  A tengu conjurer (D:13)
  5 yaktaurs (D:15)
  A kobold demonologist (D:12)
  7 rime drakes (Lair:6)
  An efreet (D:15)
  2 ice devils (Lair:6)
  10 freezing wraiths (IceCv)
  9 trolls
  A red devil (Lair:6)
  A tyrant leech (Lair:3)
  3 polar bears
  Grinder (D:3)
  A bog body (Lair:3)
  5 slime creatures
  11 hippogriffs
  14 blink frogs
  A shadow (D:15)
  4 wyverns
  4 vampires
  2 wraiths
  A human (D:7)
  Grum (D:9)
  4 basilisks
  94 yaks
  2 hungry ghosts (D:12)
  4 hogs (D:7)
  A hog (shapeshifter) (D:13)
  12 vampire mosquitoes
  2 death yak simulacra (IceCv)
  A swamp worm (Lair:3)
  3 wargs (Orc:1)
  2 acid dragons (D:15)
  5 hell hounds (Lair:6)
  10 water moccasins
  Duvessa (D:6)
  5 porcupines
  36 orc warriors
  2 slaves (D:8)
  6 ice beasts (IceCv)
  A sky beast (shapeshifter) (D:13)
  A black bear (D:12)
  An eye of draining (D:10)
  A phantom (D:8)
  5 sky beasts
  17 wolves
  14 ogres
  15 centaurs
  23 crocodiles
  3 big kobolds (D:12)
  15 bullfrogs
  A gnoll sergeant (D:8)
  5 scorpions
  A wyvern skeleton (D:12)
  Dowan (D:6)
  A water moccasin skeleton (D:6)
  8 killer bees
  12 wights
  2 howler monkeys (D:12)
  3 crimson imps
  3 centaur zombies
  2 draconian simulacra (IceCv)
  3 human zombies (Ossuary)
  3 jellies
  11 orc priests
  4 hounds
  A gnoll shaman (D:9)
  14 orc wizards
  2 bullfrog skeletons
  A centaur skeleton (D:8)
  12 worker ants
  4 iguanas
  3 spriggan simulacra (IceCv)
  4 troll simulacra (IceCv)
  2 wolf simulacra (IceCv)
  A killer bee zombie (D:7)
  3 big kobold zombies (Ossuary)
  2 hound skeletons (D:5)
  2 mummies (Ossuary)
  A howler monkey zombie (D:5)
  Robin (D:4)
  A worker ant zombie (D:8)
  7 gnolls
  12 adders
  9 naga simulacra (IceCv)
  2 ogre simulacra (IceCv)
  7 shadow imps
  12 white imps (IceCv)
  2 oozes
  An adder zombie (Ossuary)
  5 worms
  3 dart slugs
  8 leopard geckos
  69 orcs
  5 giant cockroaches
  14 goblins
  13 hobgoblins
  11 jackals
  9 kobolds
  4 quokkas
  3 bats
  9 frilled lizards
  A goblin zombie (Ossuary)
  9 hobgoblin zombies (Ossuary)
  A jackal zombie (D:7)
  10 kobold zombies (Ossuary)
  A leopard gecko skeleton (D:7)
  7 orc zombies (Ossuary)
  3 rats (D:1)
  2 plants
869 creatures vanquished.

Vanquished Creatures (collateral kills)
  An adder (D:2)
  A ball python (D:2)
  2 hobgoblins
  A kobold (D:2)
  A goblin (D:1)
  A hobgoblin zombie (Ossuary)
7 creatures vanquished.

Vanquished Creatures (others)
  A slave (D:8)
  A hound (D:8)
  A leopard gecko (D:8)
  An orc (Orc:2)
  71 fungi
  36 plants
111 creatures vanquished.

Grand Total: 987 creatures vanquished

Notes
Turn   | Place    | Note
-------+----------+-------------------------------------------
     0 | D:1      | mopl the Barachian Transmuter began the quest for the Orb.
     0 | D:1      | Reached XP level 1. HP: 15/15 MP: 3/3
   302 | D:1      | Reached XP level 2. HP: 19/21 MP: 3/5
   309 | D:1      | Learned a level 2 spell: Sticks to Snakes
   874 | D:1      | Reached XP level 3. HP: 22/26 MP: 6/6
   879 | D:1      | Learned a level 3 spell: Spider Form
  1102 | D:2      | Reached skill level 4 in Unarmed Combat
  1776 | D:2      | Reached XP level 4. HP: 32/32 MP: 7/7
  1983 | D:2      | Reached skill level 3 in Transmutations
  2278 | D:3      | Noticed Grinder
  2286 | D:3      | Paralysed by Grinder for 7 turns
  2980 | D:4      | Reached skill level 1 in Poison Magic
  2980 | D:4      | Reached XP level 5. HP: 32/37 MP: 8/8
  3093 | D:4      | Noticed Robin
  3116 | D:4      | Killed Robin
  3245 | D:4      | Reached skill level 5 in Unarmed Combat
  3245 | D:4      | Reached skill level 2 in Poison Magic
  3325 | D:4      | Noticed a centaur
  3333 | D:4      | Killed a centaur
  3333 | D:4      | Reached XP level 6. HP: 13/43 MP: 2/9
  3756 | D:5      | Entered Level 5 of the Dungeon
  3758 | D:5      | Found an ancient bone altar of Kikubaaqudgha.
  4060 | D:5      | Found a sand-covered staircase.
  4067 | Ossuary  | Entered an ossuary
  4290 | Ossuary  | Reached skill level 2 in Fighting
  4313 | Ossuary  | Reached XP level 7. HP: 27/50 MP: 4/10
  4666 | Ossuary  | Reached skill level 4 in Transmutations
  4893 | D:5      | Reached skill level 6 in Unarmed Combat
  4893 | D:5      | Reached skill level 3 in Spellcasting
  4899 | D:5      | Learned a level 4 spell: Ice Form
  5301 | D:6      | Reached skill level 3 in Dodging
  5354 | D:6      | Noticed Dowan
  5517 | D:6      | Killed Dowan
  5517 | D:6      | Reached skill level 1 in Ice Magic
  5548 | D:6      | Noticed Duvessa
  5578 | D:6      | Killed Duvessa
  5578 | D:6      | Reached XP level 8. HP: 27/57 MP: 8/12
  6073 | D:6      | Reached skill level 3 in Fighting
  6184 | D:6      | Reached skill level 2 in Ice Magic
  6215 | D:6      | Reached skill level 7 in Unarmed Combat
  6589 | D:6      | Reached skill level 4 in Dodging
  7019 | D:7      | Found a staircase to the Ecumenical Temple.
  7025 | Temple   | Entered the Ecumenical Temple
  7062 | Temple   | Became a worshipper of Cheibriados the Contemplative
  7345 | D:7      | Reached skill level 5 in Transmutations
  7811 | D:7      | Reached skill level 4 in Fighting
  7833 | D:7      | Reached skill level 1 in Invocations
  7842 | D:7      | Reached XP level 9. HP: 16/65 MP: 10/13
  7852 | D:7      | Reached skill level 3 in Ice Magic
  7862 | D:7      | Reached skill level 2 in Invocations
  7959 | D:7      | Reached * piety under Cheibriados
  8237 | D:7      | Reached skill level 8 in Unarmed Combat
  8360 | D:8      | Learned a level 2 spell: Passwall
  8729 | D:8      | Noticed a two-headed ogre
  8742 | D:8      | Killed a two-headed ogre
  8742 | D:8      | Reached skill level 5 in Fighting
  8742 | D:8      | Reached skill level 5 in Dodging
  8742 | D:8      | Reached skill level 4 in Ice Magic
  8742 | D:8      | Reached skill level 3 in Invocations
  8940 | D:8      | Reached skill level 6 in Transmutations
  9054 | D:8      | Reached ** piety under Cheibriados
  9054 | D:8      | Reached XP level 10. HP: 39/74 MP: 12/15
  9268 | D:8      | Noticed a two-headed ogre
  9269 | D:8      | Noticed Maurice
  9283 | D:8      | Killed a two-headed ogre
  9302 | D:8      | Killed Maurice
  9302 | D:8      | Reached skill level 9 in Unarmed Combat
  9370 | D:8      | Noticed Pikel
  9383 | D:8      | Killed Pikel
  9383 | D:8      | Reached skill level 6 in Fighting
  9383 | D:8      | Reached skill level 4 in Spellcasting
  9383 | D:8      | Reached skill level 4 in Invocations
  9469 | D:8      | Learned a level 5 spell: Blade Hands
  9610 | D:8      | Noticed a two-headed ogre
  9619 | D:8      | Killed a two-headed ogre
  9619 | D:8      | Reached skill level 6 in Dodging
  9963 | D:9      | Noticed Joseph
  9972 | D:9      | Noticed Erolcha
  9973 | D:9      | Killed Joseph
 10080 | D:9      | Killed Erolcha
 10080 | D:9      | Reached skill level 7 in Transmutations
 10080 | D:9      | Reached XP level 11. HP: 57/83 MP: 12/18
 10425 | D:9      | Reached skill level 10 in Unarmed Combat
 10490 | D:8      | Reached *** piety under Cheibriados
 10682 | D:9      | Reached skill level 5 in Invocations
 10792 | D:9      | Found Satsify's Antique Weapon Emporium.
 10841 | D:9      | Reached skill level 7 in Fighting
 10843 | D:9      | Reached skill level 5 in Spellcasting
 10863 | D:9      | Noticed Grum
 11011 | D:9      | Noticed a two-headed ogre
 11016 | D:9      | Reached **** piety under Cheibriados
 11024 | D:9      | Reached skill level 1 in Earth Magic
 11029 | D:9      | Killed Grum
 11047 | D:9      | Found a staircase to the Lair.
 11063 | D:9      | Killed a two-headed ogre
 11350 | D:9      | Found Qapp's Antique Armour Emporium.
 11358 | D:9      | Bought a pair of runed boots for 367 gold pieces
 11380 | Lair:1   | Entered Level 1 of the Lair of Beasts
 11411 | D:9      | Learned a level 4 spell: Petrify
 11754 | Lair:1   | Noticed a five-headed hydra
 11767 | Lair:1   | Noticed an eight-headed hydra
 11951 | Lair:1   | Reached skill level 7 in Dodging
 11972 | Lair:1   | Noticed a four-headed hydra
 12007 | Lair:1   | Reached skill level 8 in Transmutations
 12014 | Lair:1   | Reached skill level 2 in Earth Magic
 12984 | D:3      | Killed Grinder
 12984 | D:3      | Reached skill level 6 in Invocations
 13377 | D:10     | Entered Level 10 of the Dungeon
 13401 | D:10     | Noticed an unseen horror
 13417 | D:10     | Killed an unseen horror
 13417 | D:10     | Reached XP level 12. HP: 45/92 MP: 10/19
 13421 | D:10     | Reached ***** piety under Cheibriados
 13443 | D:10     | Noticed a two-headed ogre
 13454 | D:10     | Killed a two-headed ogre
 13454 | D:10     | Reached skill level 8 in Fighting
 13454 | D:10     | Reached skill level 11 in Unarmed Combat
 13486 | D:10     | Found a flagged portal.
 13538 | Bailey   | Entered a bailey
 14060 | Bailey   | Reached skill level 3 in Earth Magic
 14226 | Bailey   | Found a roughly hewn altar of Beogh.
 14479 | D:10     | Found a staircase to the Orcish Mines.
 14813 | D:10     | Noticed a two-headed ogre
 14819 | D:10     | Killed a two-headed ogre
 15061 | D:10     | Reached skill level 7 in Invocations
 15117 | D:10     | Reached skill level 8 in Dodging
 15225 | Lair:2   | Reached ****** piety under Cheibriados
 15236 | Lair:1   | Reached skill level 9 in Transmutations
 15263 | Lair:1   | Noticed an eight-headed hydra
 15269 | Lair:1   | Killed an eight-headed hydra
 15269 | Lair:1   | Reached skill level 4 in Earth Magic
 15283 | Lair:1   | Killed a four-headed hydra
 15329 | Lair:1   | Killed an eight-headed hydra
 15345 | Lair:1   | Killed a five-headed hydra
 15345 | Lair:1   | Reached skill level 9 in Fighting
 15345 | Lair:1   | Reached skill level 12 in Unarmed Combat
 15345 | Lair:1   | Gained mutation: You can hop longer distances. [Barachian growth]
 15345 | Lair:1   | Reached XP level 13. HP: 68/101 MP: 14/20
 15448 | Lair:1   | HP: 3/101 [komodo dragon (22)]
 15904 | Lair:2   | Got a steaming trident
 16051 | Lair:2   | Identified the +5 trident of the Pyrrhic Victory {flame, MR+ Int+4} (You found it on level 2 of the Lair of Beasts)
 16095 | Lair:2   | Reached skill level 5 in Earth Magic
 16434 | Lair:3   | Found a staircase to the Swamp.
 16500 | Lair:3   | Reached skill level 8 in Invocations
 16607 | Lair:3   | Reached skill level 9 in Dodging
 17650 | Lair:4   | Found a staircase to the Snake Pit.
 17992 | Lair:4   | Noticed Urug
 18003 | Lair:4   | Killed Urug
 18504 | Lair:5   | Reached skill level 10 in Fighting
 18514 | Lair:5   | Reached XP level 14. HP: 70/110 MP: 17/21
 18562 | Lair:5   | Reached skill level 13 in Unarmed Combat
 18721 | Lair:5   | Reached skill level 10 in Transmutations
 18892 | Lair:5   | Reached skill level 9 in Invocations
 18955 | Lair:5   | Reached skill level 6 in Earth Magic
 19064 | Lair:5   | Learned a level 2 spell: Blink
 19788 | Lair:6   | Entered Level 6 of the Lair of Beasts
 19798 | Lair:6   | Reached skill level 1 in Translocations
 19811 | Lair:6   | Found a staircase to the Slime Pits.
 19822 | Lair:6   | Learned a level 1 spell: Confusing Touch
 19983 | Lair:6   | Found a frozen archway.
 19993 | IceCv    | Entered an ice cave
 20114 | IceCv    | Reached skill level 1 in Hexes
 20201 | IceCv    | Found an ancient bone altar of Kikubaaqudgha.
 20362 | IceCv    | Reached skill level 10 in Dodging
 20560 | Lair:6   | Reached skill level 2 in Translocations
 20769 | Lair:1   | Reached skill level 6 in Spellcasting
 20958 | Lair:6   | Reached XP level 15. HP: 105/117 MP: 24/24
 21058 | Lair:6   | Reached skill level 2 in Hexes
 21180 | Lair:6   | Reached skill level 14 in Unarmed Combat
 21244 | Lair:6   | Reached skill level 11 in Fighting
 21264 | Lair:6   | Reached skill level 3 in Translocations
 21303 | Lair:6   | Reached skill level 7 in Earth Magic
 21576 | Lair:6   | Reached skill level 10 in Invocations
 21683 | Lair:6   | Got an iridescent quarterstaff
 21856 | Lair:6   | Found a burning altar of Makhleb.
 21861 | Lair:6   | Found a gateway to Hell.
 22116 | Lair:1   | Identified the +8 quarterstaff "Hotat" {crush, SInv} (You found it on level 6 of the Lair of Beasts)
 22178 | D:10     | Reached skill level 3 in Hexes
 22200 | Orc:1    | Entered Level 1 of the Orcish Mines
 22368 | Orc:2    | Entered Level 2 of the Orcish Mines
 22368 | Orc:2    | Found Mahaedghu's Antique Armour Shoppe.
 22375 | Orc:2    | Noticed Rupert
 22596 | Orc:2    | Killed Rupert
 22611 | Orc:2    | Found a staircase to the Elven Halls.
 22683 | Orc:2    | Noticed an orc warlord
 22707 | Orc:2    | Killed an orc warlord
 22707 | Orc:2    | Reached skill level 4 in Translocations
 22951 | Orc:2    | Found Ocell's Book Emporium.
 23485 | Orc:2    | Found Aficsaxe's Antique Weapon Shop.
 23558 | Orc:2    | Noticed Donald
 23598 | Orc:2    | Killed Donald
 23600 | Orc:2    | Got a warped shield
 23634 | Orc:2    | Identified the +3 shield of Niekaeta {rC+ Str+2} (You took it off Donald on level 2 of the Orcish Mines)
 23680 | Orc:2    | Found Wafuf's General Store.
 23733 | Orc:2    | Bought a scroll of identify for 22 gold pieces
 23733 | Orc:2    | Bought a scroll of identify for 22 gold pieces
 23881 | Orc:2    | Found a roughly hewn altar of Beogh.
 24329 | D:11     | Found an iron altar of Okawaru.
 24495 | D:11     | Reached skill level 4 in Hexes
 24629 | D:11     | Reached skill level 7 in Spellcasting
 24833 | D:12     | Got an ichor-stained helmet
 24844 | D:12     | Identified the cursed -6 helmet of Ehoewn {rF+ Str+2} (You found it on level 12 of the Dungeon)
 24856 | D:12     | Reached XP level 16. HP: 101/127 MP: 26/26
 25919 | D:13     | Reached skill level 15 in Unarmed Combat
 26053 | D:13     | Reached skill level 8 in Earth Magic
 26078 | D:13     | Got a twisted ring mail
 26089 | D:13     | Identified the cursed +0 ring mail "Ofekh" {rElec} (You took it off an orc on level 13 of the Dungeon)
 26163 | D:13     | Reached skill level 12 in Fighting
 26341 | D:14     | Reached skill level 11 in Invocations
 26466 | D:14     | Reached skill level 5 in Hexes
 26731 | D:14     | Found a gate to the Vaults.
 26780 | D:14     | Found a shadowy altar of Dithmenos.
 26909 | D:14     | Reached skill level 11 in Dodging
 26965 | D:14     | Got a flickering amber ring
 26967 | D:14     | Identified the ring of Uzifu {Wiz Slay+6} (You found it on level 14 of the Dungeon)
 27169 | D:15     | Entered Level 15 of the Dungeon
 27823 | D:15     | Found a staircase to the Depths.
 27932 | D:15     | Learned a level 3 spell: Regeneration
 28088 | D:15     | Noticed Uhlv's ghost (journeyman MiEn)
 28095 | D:15     | Killed Uhlv's ghost
 28110 | D:15     | Mangled by a white ugly thing

Vault maps used:
D:1:      dpeg_arrival_yet_another_circle, grunt_decor_cap, serial_bayou_lake_a
D:3:      serial_forest, infiniplex_forest_straight_4,
          infiniplex_forest_lined_3, infiniplex_forest_straight_3,
          infiniplex_forest_clump_medium, infiniplex_forest_clump_tiny,
          infiniplex_forest_lined_4_way, infiniplex_forest_corner_2,
          first_bread, uniq_grinder
D:4:      uniq_robin
D:5:      basic_altar, chequers_ossuary_entry_cave, amethyst_killhole,
          serial_bayou_pond_a, st_stairs_7
D:6:      st_stairs_14, uniq_duvessa
D:7:      grunt_livestock
D:8:      uniq_pikel, uniq_maurice
D:9:      due_lair_maze_entry_diamond, serial_shops, kennysheep_little_box,
          nicolae_shop_stone, kennysheep_decorative_pillar, uniq_erolcha,
          uniq_grum, uniq_joseph
D:10:     orc_0_dummy, enter_bailey_3
D:11:     basic_altar, grunt_ministairs_3
D:12:     hangedman_decor_opposing, due_unseen_surprise
D:13:     grunt_ministairs_3
D:14:     erik_vaults_1, nicolae_dithmenos_shadow_blocks
D:15:     grunt_enter_depths_hoard, lab_entry_generic, serial_park_tiny_1
Temple:   compressed_dpeg_circular_temple
Lair:1:   minmay_holes
Lair:3:   minmay_swamp_entry_worms
Lair:4:   dummy_snake_entry, uniq_urug
Lair:5:   hangedman_lair_generics_rect
Lair:6:   evil_forest, dpeg_slime_entry_corner, portal_ice_cave_entry_pillars_2,
          minmay_lair_drake_nest
Orc:2:    grunt_orc_gardens, grunt_orc_garden, grunt_orc_garden,
          grunt_orc_garden, grunt_orc_garden, minmay_orc_temple_b, uniq_donald,
          uniq_rupert
Ossuary:  ossuary_tomb_1
Bailey:   bailey_polearm_2, bailey
IceCv:    ice_cave_small_necro

Skill      XL: |  1  2  3  4  5  6  7  8  9 10 11 12 13 14 15 16 |
---------------+-------------------------------------------------+-----
Unarmed Combat | 4 5 6 7 8 9 10 12 13 14 15 | 15.6
Transmutations | 3 4 5 6 7 8 9 10 | 10.0
Poison Magic   | 1 2 |  2.0
Fighting       | 2 4 5 6 7 9 10 11 12 | 12.5
Spellcasting   | 3 4 5 6 7 |  7.0
Dodging        | 3 4 5 6 7 8 9 10 11 | 11.2
Ice Magic      | 1 2 4 |  4.0
Invocations    | 1 3 4 6 7 8 9 10 11 | 11.4
Earth Magic    | 2 4 5 6 7 8 |  8.7
Translocations | 2 4 |  4.0
Hexes          | 1 4 5 |  5.0
Charms         | |  0.8
Necromancy     | |  0.1

Action                   |  1- 3 |  4- 6 |  7- 9 | 10-12 | 13-15 | 16-18 || total
-------------------------+-------+-------+-------+-------+-------+-------++-------
Melee: Unarmed           |    43 |    19 |   188 |   597 |   966 |   414 ||  2227
       Headbutt          |     2 |       |       |       |       |       ||     2
       Kick              |     5 |       |       |       |       |       ||     5
       Dagger            |    88 |    90 |       |       |       |       ||   178
       Punch             |     1 |     1 |     3 |    23 |    75 |    47 ||   150
       Whip              |       |   114 |   208 |    51 |       |       ||   373
Throw: Javelin           |       |       |       |       |     3 |       ||     3
 Cast: Beastly Appendage |     6 |       |       |       |       |       ||     6
       Sticks to Snakes  |     6 |     6 |     2 |       |       |       ||    14
       Spider Form       |       |     4 |    18 |    31 |     1 |       ||    54
       Ice Form          |       |       |     1 |     8 |    28 |     2 ||    39
       Blade Hands       |       |       |       |     8 |    35 |    17 ||    60
       Blink             |       |       |       |       |     4 |     1 ||     5
Invok: Slouch            |       |       |       |     1 |     7 |       ||     8
       Bend Time         |       |       |       |       |     1 |       ||     1
       Temporal Distorti |       |       |       |       |     3 |       ||     3
       Step From Time    |       |       |       |       |       |     2 ||     2
 Abil: End Transformatio |       |       |     3 |    12 |    13 |     1 ||    29
       Hop               |       |       |     1 |       |     3 |       ||     4
Evoke: Wand              |       |       |       |    12 |     6 |       ||    18
  Use: Scroll            |       |     3 |     6 |     1 |    15 |     8 ||    33
       Potion            |       |       |     4 |     1 |       |       ||     5
 Stab: Sleeping          |       |     2 |       |     6 |    11 |     5 ||    24
       Distracted        |       |     1 |       |     1 |     2 |     2 ||     6
  Eat: Chunk             |     3 |     8 |    16 |    17 |    23 |    10 ||    77
       Beef jerky        |       |     1 |     2 |       |       |       ||     3
       Fruit             |       |       |       |       |     1 |       ||     1
       Meat ration       |       |       |       |       |     1 |       ||     1
       Bread ration      |       |       |       |       |     1 |       ||     1
       Pizza             |       |       |       |       |       |     1 ||     1
Armor: Robe              |    14 |    48 |    55 |    88 |   123 |    69 ||   397
       Skin              |       |     1 |    18 |    44 |    80 |     4 ||   147
       Fire dragon scale |       |       |       |       |       |     5 ||     5
Dodge: Dodged            |    96 |   167 |   340 |   663 |   979 |   438 ||  2683
Block: Other             |       |       |       |       |    85 |    48 ||   133
       Reflection        |       |       |       |       |     2 |     1 ||     3
